 Dungeon Crawl Stone Soup version 0.21-a0-508-gf08a75f (webtiles) character file.

23786 zero the Thaumaturge (level 13, -5/68 HPs)
             Began as a Gargoyle Earth Elementalist on Nov 28, 2017.
             Was an Elder of Vehumet.
             Slain by a death yak (21 damage)
             ... on level 4 of the Lair of Beasts.
             The game lasted 00:42:18 (15611 turns).

zero the Thaumaturge (Gargoyle Earth Elementalist) Turns: 15611, Time: 00:42:19

Health: -5/68      AC: 18    Str: 13    XL:     13   Next: 8%
Magic:  5/44       EV: 15    Int: 25    God:    Vehumet [****..]
Gold:   1116       SH:  6    Dex: 12    Spells: 12/36 levels left

rFire    . . .     SeeInvis .   J - staff of power {!a}
rCold    . . .     Gourm    .   (no shield)
rNeg     + . .     Faith    .   B - +0 steam dragon scales
rPois    ∞         Spirit   .   g - +0 hat {Int+3}
rElec    +         Reflect  +   z - +0 cloak {rPois}
rCorr    .         Harm     .   (no gloves)
MR       .....     Rnd*Rage +   O - +0 pair of boots
Stlth    ++........             l - +6 amulet of reflection
HPRegen  0.21/turn              s - ring of wizardry
MPRegen  0.29/turn              a - ring of wizardry

@: no status effects
A: repulsion field 1, slimy green scales 1, thin skeletal structure 1, berserk
1, negative energy resistance 1, electricity resistance, strong 1, unbreathing,
petrification resistance, no potion heal 1, rot immunity, AC +9
a: Renounce Religion


You were on level 4 of the Lair of Beasts.
You worshipped Vehumet.
Vehumet was greatly pleased with you.
You were very hungry.

You visited 3 branches of the dungeon, and saw 15 of its levels.
You also visited: Ossuary.

You collected 1116 gold pieces.

Inventory:

Hand Weapons
 r - a +3 war axe of electrocution
Missiles
 b - 97 stones (quivered)
Armour
 g - a +0 hat of intelligence (worn)
 z - a +0 cloak of poison resistance (worn)
 B - +0 steam dragon scales (worn)
 O - a +0 pair of boots (worn)
Magical Staves
 y - an uncursed staff of earth
 H - an uncursed staff of cold
 J - an uncursed staff of power (weapon) {!a}
Jewellery
 a - a ring of wizardry (right hand)
 l - a +6 amulet of reflection (around neck)
 n - an uncursed ring of flight
 s - a ring of wizardry (left hand)
Wands
 x - a wand of flame (4)
 N - a wand of paralysis (5)
Scrolls
 h - 6 scrolls of teleportation
 m - 6 scrolls of identify
 t - 7 scrolls of remove curse
 C - a scroll of magic mapping
 E - a scroll of enchant weapon
 I - 2 scrolls of enchant armour
Potions
 f - 8 potions of heal wounds
 i - 3 potions of curing
 j - 4 potions of haste
 k - 2 potions of invisibility
 o - 3 potions of flight
 p - 4 potions of agility
 q - a potion of resistance
 u - a potion of magic
 F - 2 potions of ambrosia
 K - 2 potions of berserk rage
 L - a potion of experience {unknown}
 M - a potion of lignification
Books
 e - a book of Geomancy

   Spells                             Type                      Level
   a - Sandblast                      Earth                        1
   b - Passwall                       Transmutation/Earth          2
   c - Stone Arrow                    Conjuration/Earth            3
   d - Petrify                        Transmutation/Earth          4
   e - Lee's Rapid Deconstruction     Earth                        5
 G - a book of the Sky

   Spells                             Type                      Level
   a - Summon Lightning Spire         Summoning/Air                4
   b - Silence                        Hexes/Air                    5
   c - Deflect Missiles               Charms/Air                   6
   d - Conjure Ball Lightning         Conjuration/Air              6
   e - Tornado                        Air                          9
Comestibles
 d - 8 bread rations
 w - 5 royal jellies
 A - 9 fruits
 D - 2 meat rations


   Skills:
 - Level 2.9 Fighting
 - Level 5.0 Axes
 + Level 3.4 Dodging
 - Level 2.1 Stealth
 + Level 12.2 Spellcasting
 - Level 10.2 Conjurations
 - Level 1.7 Hexes
   Level 0.7 Transmutations
 * Level 6.7 Air Magic
 - Level 11.3 Earth Magic


You had 12 spell levels left.
You knew the following spells:

 Your Spells              Type           Power        Failure   Level  Hunger
a - Sandblast             Erth           ######       1%          1    None
b - Stone Arrow           Conj/Erth      ######       1%          3    None
c - Lee's Rapid Deconstr  Erth           ######....   1%          5    ###....
d - Conjure Ball Lightni  Conj/Air       ######....   2%          6    #####..
e - Silence               Hex/Air        #####.....   5%          5    ###....
f - Force Lance           Conj/Tloc      #####...     1%          4    None


Dungeon Overview and Level Annotations

Branches:
Dungeon (9/15)             Temple (1/1) D:5            Lair (5/6) D:8
 Shoals (0/4) Lair:4       Spider (0/4) Lair:2
  Slime: Lair:5-6       Orc: D:9-12

Altars:
Ashenzari
Cheibriados
Dithmenos
Elyvilon
Fedhas
Gozag
Hepliaklqana
Kikubaaqudgha
Makhleb
Nemelex Xobeh
Okawaru
Qazlal
Ru
Sif Muna
Uskayaw
Vehumet
Wu Jian
Xom
Yredelemnul
Zin
The Shining One

Shops:
D:5 (   D:8 [

Annotations:
D:2 Natasha


Innate Abilities, Weirdness & Mutations

You are resistant to torment.
Your stone body is resilient. (AC +9)
You are immune to poison.
You resist negative energy. (rN+)
You are resistant to electric shocks. (rElec)
You can survive without breathing.
You are immune to petrification.
You are immune to rotting.
You are surrounded by a mild repulsion field. (EV +2)
You are partially covered in slimy green scales. (AC +2)
You have a somewhat thin skeletal structure. (Dex +2, Stealth)
You tend to lose your temper in combat.
Your muscles are strong. (Str +2)
Potions are less effective at restoring your health.


Message History

Aiming: Force Lance
Press: ? - help, Shift-Dir - straight line The lance of force misses the death yak.
You block the elephant's attack. The elephant trunk-slaps you.
The death yak gores you!
The elephant tramples you but does no damage.
The elephant trunk-slaps you but does no damage.
A wyvern comes into view.
There is a stone staircase leading up here.
You see here a +1 robe.
The yak bellows!
The death yak gores you!
The elephant tramples you but does no damage.
The elephant trunk-slaps you.
You climb upwards.
There is a stone staircase leading down here.
The death yak gores you!
* * * LOW HITPOINT WARNING * * *
The death yak gores you!!
You die...

.......P.+.......##...#
..........##....###..##
......#..#########...#
.##.####.### ####.#..#
≈≈### #...###.##.#..###
≈≈≈≈####....[..........#
≈≈≈≈≈≈##.............###
#≈≈>≈≈≈#.............#
##≈≈≈≈≈#......>Y@....##
###≈≈≈##.......Y......#
######....P.#+.##...##
##.###.....###.####...#
...P##....####.###...##
....#............##...#
....#.....###...###..##
...##......##...P.#..###
...###.....##..........#


You could see a death yak and an elephant.

Vanquished Creatures
  Gastronok (Lair:1)
  5 hydras
  A two-headed ogre (D:9)
  2 death yaks (Lair:4)
  Pikel (D:7)
  An oklob plant (Lair:1)
  A merfolk siren (Lair:4)
  A black mamba (Lair:1)
  4 elephants
  3 spiny frogs
  A rime drake (Lair:4)
  3 komodo dragons
  A polar bear (Lair:5)
  2 dream sheep (D:8)
  8 blink frogs (Lair:2)
  4 hippogriffs
  2 redbacks (Lair:2)
  A wyvern (Lair:4)
  21 yaks
  A basilisk (Lair:2)
  Grum (D:8)
  A steam dragon (D:8)
  2 water moccasins
  9 porcupines
  2 sky beasts
  A slave (D:7)
  2 phantoms
  2 ice beasts
  A necrophage (D:6)
  A black bear (D:6)
  7 wolves
  4 ogres
  3 centaurs
  6 crocodiles
  Blork the orc (D:5)
  3 big kobolds (D:8)
  6 bullfrogs
  A scorpion (D:7)
  2 electric eels (Lair:4)
  7 wights
  3 howler monkeys (D:4)
  2 crimson imps
  A centaur zombie (D:7)
  5 jellies (Lair:1)
  A bullfrog zombie (D:6)
  2 hounds
  2 orc priests (D:5)
  2 orc wizards
  A bullfrog skeleton (D:4)
  An iguana (D:8)
  7 worker ants
  2 hell rats (Lair:1)
  A big kobold zombie (Ossuary)
  8 mummies (Ossuary)
  A hound zombie (D:5)
  A hound skeleton (D:5)
  8 adders
  4 gnolls (D:6)
  7 river rats (Lair:1)
  2 shadow imps
  18 oozes
  2 adder skeletons
  2 worms (D:2)
  4 dart slugs
  3 leopard geckos
  20 orcs
  10 bats
  A bat zombie (D:3)
  A giant cockroach (D:6)
  A gnoll zombie (Ossuary)
  10 hobgoblins
  10 jackals
  4 quokkas
  A ball python (D:6)
  6 frilled lizards
  A giant cockroach zombie (D:5)
  7 goblins
  5 hobgoblin zombies (Ossuary)
  2 kobolds (D:3)
  A kobold zombie (Ossuary)
  2 quokka skeletons
  8 rats
  3 fungi
  2 plants (Lair:5)
311 creatures vanquished.

Vanquished Creatures (others)
  11 ball lightnings
  A slave (D:7)
  6 fungi
18 creatures vanquished.

Grand Total: 329 creatures vanquished

Notes
Turn   | Place    | Note
-------+----------+-------------------------------------------
     0 | D:1      | zero the Gargoyle Earth Elementalist began the quest for the Orb.
     0 | D:1      | Reached XP level 1. HP: 10/10 MP: 3/3
   111 | D:1      | Reached XP level 2. HP: 10/15 MP: 0/5
   569 | D:1      | Found a shattered altar of Ashenzari.
   649 | D:1      | Reached skill level 5 in Earth Magic
   649 | D:1      | Reached XP level 3. HP: 19/19 MP: 6/6
   740 | D:2      | Learned a level 3 spell: Stone Arrow
   791 | D:2      | Noticed Natasha
   850 | D:2      | Found a snail-covered altar of Cheibriados.
   850 | D:2      | Found an ornate altar of the Wu Jian Council.
   855 | D:2      | Found a faded altar of an unknown god.
   857 | D:2      | Found a hazy altar of Hepliaklqana.
   859 | D:2      | Found a faded altar of an unknown god.
  1011 | D:2      | Found a deep blue altar of Sif Muna.
  1180 | D:2      | Reached XP level 4. HP: 19/24 MP: 1/7
  1543 | D:2      | Found a basalt altar of Yredelemnul.
  2320 | D:3      | Found an ancient bone altar of Kikubaaqudgha.
  2521 | D:3      | Reached XP level 5. HP: 26/28 MP: 8/8
  3092 | D:3      | Learned a level 5 spell: Lee's Rapid Deconstruction
  3106 | D:4      | Found a sand-covered staircase.
  3112 | Ossuary  | Entered an ossuary
  3143 | Ossuary  | Gained mutation: You are surrounded by a mild repulsion field. (EV +2) [potion of mutation]
  3143 | Ossuary  | Gained mutation: Your flesh is cold resistant. (rC+) [potion of mutation]
  3144 | Ossuary  | Lost mutation: Your flesh is cold resistant. (rC+) [potion of mutation]
  3144 | Ossuary  | Gained mutation: Potions are less effective at restoring your health. [potion of mutation]
  3144 | Ossuary  | Gained mutation: You are clumsy. (Dex -2) [potion of mutation]
  3144 | Ossuary  | Gained mutation: You are frail. (-10% HP) [potion of mutation]
  3144 | Ossuary  | Gained mutation: Your muscles are strong. (Str +2) [potion of mutation]
  3156 | Ossuary  | Reached skill level 1 in Axes
  3242 | Ossuary  | Reached XP level 6. HP: 24/28 MP: 10/10
  3247 | Ossuary  | Reached skill level 1 in Conjurations
  3782 | D:4      | Reached skill level 3 in Spellcasting
  3816 | D:4      | Reached XP level 7. HP: 17/32 MP: 1/11
  4106 | D:4      | Found a burning altar of Makhleb.
  4555 | D:5      | Entered Level 5 of the Dungeon
  4555 | D:5      | Found a staircase to the Ecumenical Temple.
  4567 | Temple   | Entered the Ecumenical Temple
  4575 | Temple   | Became a worshipper of Vehumet
  4762 | D:5      | Noticed Blork the orc
  4776 | D:5      | Killed Blork the orc
  4782 | D:5      | Reached XP level 8. HP: 26/36 MP: 1/13
  5382 | D:5      | Found Vofeemm's Weapon Shoppe.
  5406 | D:5      | Reached skill level 4 in Spellcasting
  5731 | D:6      | Found a sacrificial altar of Ru.
  5736 | D:6      | Reached * piety under Vehumet
  5736 | D:6      | Offered knowledge of Freeze by Vehumet.
  7038 | D:7      | Noticed Pikel
  7161 | D:7      | Reached skill level 10 in Earth Magic
  7161 | D:7      | Reached XP level 9. HP: 40/40 MP: 9/16
  7314 | D:7      | Reached skill level 5 in Spellcasting
  7531 | D:7      | Killed Pikel
  7717 | D:7      | Reached skill level 6 in Spellcasting
  7849 | D:7      | Lost mutation: You are clumsy. (Dex -2) [potion of mutation]
  7849 | D:7      | Lost mutation: You are frail. (-10% HP) [potion of mutation]
  7849 | D:7      | Gained mutation: You have a somewhat thin skeletal structure. (Dex +2, Stealth) [potion of mutation]
  7849 | D:7      | Gained mutation: You tend to lose your temper in combat. [potion of mutation]
  7849 | D:7      | Gained mutation: You are partially covered in slimy green scales. (AC +2) [potion of mutation]
  8010 | D:7      | Found a stormy altar of Qazlal.
  8292 | D:8      | Noticed Grum
  8313 | D:8      | Killed Grum
  8388 | D:8      | Reached skill level 5 in Axes
  8399 | D:8      | Reached skill level 1 in Fighting
  8399 | D:8      | Reached XP level 10. HP: 39/52 MP: 6/20
  8517 | D:8      | Reached skill level 7 in Spellcasting
  8595 | D:8      | Offered knowledge of Throw Frost by Vehumet.
  8601 | D:8      | Reached ** piety under Vehumet
  8740 | D:8      | Found a glowing silver altar of Zin.
  8798 | D:8      | Found a staircase to the Lair.
  8889 | D:8      | Found Eqaedyeq's Antique Armour Emporium.
  9066 | D:8      | Found a glowing golden altar of the Shining One.
  9364 | D:8      | Reached skill level 8 in Spellcasting
  9364 | D:8      | Reached skill level 5 in Conjurations
  9499 | D:8      | Noticed a two-headed hydra
  9505 | D:8      | Killed a two-headed hydra
  9720 | D:9      | Noticed a two-headed ogre
  9723 | D:9      | Killed a two-headed ogre
  9723 | D:9      | Reached skill level 9 in Spellcasting
  9755 | Lair:1   | Entered Level 1 of the Lair of Beasts
  9902 | Lair:1   | Reached XP level 11. HP: 47/59 MP: 20/24
  9912 | Lair:1   | Offered knowledge of Dazzling Spray by Vehumet.
  9923 | Lair:1   | Reached skill level 10 in Spellcasting
 10256 | Lair:1   | Noticed Gastronok
 10274 | Lair:1   | Killed Gastronok
 10658 | Lair:1   | Noticed an oklob plant
 10660 | Lair:1   | Reached *** piety under Vehumet
 10820 | Lair:1   | Killed an oklob plant
 10820 | Lair:1   | Reached skill level 11 in Spellcasting
 11058 | Lair:2   | Offered knowledge of Airstrike by Vehumet.
 11173 | Lair:1   | Learned a level 6 spell: Conjure Ball Lightning
 11247 | Lair:2   | Found a hole to the Spider Nest.
 11249 | Lair:2   | Reached skill level 1 in Air Magic
 11684 | Lair:2   | Noticed a seven-headed hydra
 11688 | Lair:2   | Killed a seven-headed hydra
 11766 | Lair:2   | Reached XP level 12. HP: 64/64 MP: 10/27
 11938 | Lair:2   | Reached **** piety under Vehumet
 12753 | Lair:3   | Noticed a five-headed hydra
 12759 | Lair:3   | Killed a five-headed hydra
 13024 | Lair:3   | Noticed a six-headed hydra
 13030 | Lair:3   | Killed a six-headed hydra
 13459 | Lair:4   | Reached skill level 5 in Air Magic
 13700 | Lair:4   | Reached skill level 10 in Conjurations
 13905 | Lair:4   | Learned a level 5 spell: Silence
 13915 | Lair:4   | Offered knowledge of Force Lance by Vehumet.
 14074 | Lair:4   | Found a staircase to the Shoals.
 14400 | Lair:4   | Noticed an eight-headed hydra
 14430 | Lair:4   | Killed an eight-headed hydra
 14430 | Lair:4   | Reached skill level 1 in Hexes
 14782 | Lair:5   | Noticed a death yak
 14782 | Lair:5   | Noticed a death yak
 14782 | Lair:5   | Noticed a death yak
 14791 | Lair:4   | Reached skill level 12 in Spellcasting
 14806 | Lair:4   | Killed a death yak
 14813 | Lair:4   | Killed a death yak
 15140 | Lair:4   | Learned a level 4 spell: Force Lance
 15151 | Lair:5   | Reached XP level 13. HP: 46/68 MP: 29/29
 15611 | Lair:4   | Slain by a death yak

Vault maps used:
D:1:      dpeg_arrival_rooms_a, hangedman_abyss_or_decor_stabs,
          evilmike_ruin_ashenzari
D:2:      chequers_temple_overflow_minitemple, lemuel_round_altar,
          lemuel_doored_altar, nrook_mini_backslash, uniq_natasha
D:3:      lemuel_zombie_altar_kikubaaqudgha
D:4:      kennysheep_little_box, enter_ossuary_2
D:5:      minmay_temple_entry_crystal_x, first_bread, serial_shops, shop,
          uniq_blork_the_orc
D:6:      nicolae_ru_great_annihilating_truth, minmay_tree_intersection,
          serial_bayou_pond_a, minmay_splitting_lines, hangedman_decor_slide_cut
D:7:      nicolae_qazlal_style_of_elements, uniq_pikel
D:8:      marbit_many_paths, lair_entry_dummy, basic_altar, serial_shops, shop,
          hangedman_ranch, uniq_grum
D:9:      bloody_trog, basic_altar, minivault_22, kennysheep_dice
Temple:   nicolae_temple_no_exploring_needed
Lair:1:   lemuel_slime, kennysheep_rathole, uniq_gastronok
Lair:2:   spider_nest_entry_webs, lemuel_fruit_tree
Lair:4:   minmay_shoals_entry_lonely_mermaid, serial_bayou_shore_a
Ossuary:  ossuary_tomb_3

Skill      XL: |  1  2  3  4  5  6  7  8  9 10 11 12 |
---------------+-------------------------------------+-----
Earth Magic    | 4 5 6 7 8 10 11 | 11.3
Axes           | 1 2 3 5 |  5.0
Conjurations   | 2 3 4 6 9 10 | 10.2
Spellcasting   | 3 4 6 9 11 12 | 12.2
Fighting       | 1 2 |  2.9
Air Magic      | 3 6 |  6.7
Dodging        | 3 |  3.4
Hexes          | 1 |  1.7
Stealth        | |  2.1
Transmutations | |  0.7

Action                   |  1- 3 |  4- 6 |  7- 9 | 10-12 | 13-15 || total
-------------------------+-------+-------+-------+-------+-------++-------
Melee: Unarmed           |    12 |       |       |       |       ||    12
       Club              |    30 |    23 |       |       |       ||    53
       War axe           |       |   110 |   115 |    11 |       ||   236
       Staff             |       |       |       |    14 |       ||    14
 Cast: Sandblast         |    38 |    50 |    35 |    66 |       ||   189
       Stone Arrow       |     3 |    15 |    52 |   150 |    12 ||   232
       Lee's Rapid Decon |       |       |     1 |    41 |     7 ||    49
       Conjure Ball Ligh |       |       |       |     3 |     2 ||     5
       Force Lance       |       |       |       |       |     3 ||     3
Evoke: Wand              |       |       |       |     3 |       ||     3
  Use: Scroll            |     4 |     9 |     9 |     6 |       ||    28
       Potion            |       |     3 |     1 |     3 |       ||     7
 Stab: Sleeping          |     2 |       |     3 |     1 |       ||     6
       Paralysed         |       |       |     1 |       |       ||     1
  Eat: Chunk             |     2 |     5 |     5 |     9 |     1 ||    22
       Royal jelly       |       |     2 |       |       |       ||     2
       Fruit             |       |     2 |       |    12 |     1 ||    15
       Bread ration      |       |       |     1 |       |       ||     1
       Meat ration       |       |       |     2 |     1 |       ||     3
Armor: Robe              |    20 |   117 |    50 |     7 |       ||   194
       Steam dragon scal |       |       |       |    57 |     3 ||    60
Dodge: Dodged            |    52 |   177 |   116 |   114 |     6 ||   465
Block: Other             |       |       |    37 |    45 |     4 ||    86
       Reflection        |       |       |       |     2 |       ||     2

Table legend:
 A = Spawn XP
 B = Non-spawn XP
 C = Spawn XP percentage of total XP
 D = Spawn monster count
 E = Non-spawn monster count
 F = Spawn count percentage of total count
 G = Total turns spent on level
                    A         B        C        D         E        F      G
               +---------+---------+-------+---------+---------+-------+---------
         Total |       0 |   33980 |   0.0 |       0 |     305 |   0.0 | 15611
               +---------+---------+-------+---------+---------+-------+---------
           D:1 |       0 |      36 |   0.0 |       0 |      20 |   0.0 |   715
           D:2 |       0 |      93 |   0.0 |       0 |      27 |   0.0 |  1567
           D:3 |       0 |      93 |   0.0 |       0 |      23 |   0.0 |   820
           D:4 |       0 |     514 |   0.0 |       0 |      14 |   0.0 |   822
           D:5 |       0 |     517 |   0.0 |       0 |      23 |   0.0 |  1071
           D:6 |       0 |     909 |   0.0 |       0 |      24 |   0.0 |  1433
           D:7 |       0 |    1561 |   0.0 |       0 |      15 |   0.0 |  1115
           D:8 |       0 |    3888 |   0.0 |       0 |      26 |   0.0 |  1485
           D:9 |       0 |     877 |   0.0 |       0 |       1 |   0.0 |     9
        Lair:1 |       0 |    5845 |   0.0 |       0 |      49 |   0.0 |  1538
        Lair:2 |       0 |    5214 |   0.0 |       0 |      22 |   0.0 |  1103
        Lair:3 |       0 |    2945 |   0.0 |       0 |       6 |   0.0 |  1126
        Lair:4 |       0 |    9218 |   0.0 |       0 |      32 |   0.0 |  1818
        Lair:5 |       0 |    2089 |   0.0 |       0 |       7 |   0.0 |   271
       Ossuary |       0 |     181 |   0.0 |       0 |      16 |   0.0 |   631
               +---------+---------+-------+---------+---------+-------+---------
